% Time on Ice - SPOKANE KNIGHTS
Lines # - Real PCT - Wanted PCT - Time Play
Normal Forward
1 - 29% - 40% - 15:42
2 - 31% - 30% - 17:05
3 - 21% - 15% - 11:32
4 - 19% - 15% - 10:19
Normal Defense
1 - 37% - 35% - 20:12
2 - 26% - 30% - 14:18
3 - 24% - 20% - 13:18
4 - 13% - 15% - 6:50
PP Forward
1 - 44% - 55% - 0:52
2 - 56% - 45% - 1:07
PP Defense
1 - 56% - 60% - 1:07
2 - 44% - 40% - 0:52
PK Forward
1 - 84% - 60% - 2:51
2 - 16% - 40% - 0:32
PK Defense
1 - 80% - 60% - 2:43
2 - 20% - 40% - 0:40
PK3 Forward
1 - 0% - 55%
2 - 0% - 45%
PK3 Defense
1 - 0% - 55%
2 - 0% - 45%
44 Forward
1 - 0% - 55%
2 - 0% - 45%
44 Defense
1 - 0% - 55%
2 - 0% - 45%
Last Minute Offensive  - 0:00
Last Minute Defensive  - 0:00
Total
Forward - 60:00
Defense - 60:00
% Time on Ice - LOS ANGELES SEALS
Lines # - Real PCT - Wanted PCT - Time Play
Normal Forward
1 - 34% - 36% - 18:49
2 - 31% - 31% - 16:48
3 - 23% - 22% - 12:40
4 - 12% - 11% - 6:21
Normal Defense
1 - 35% - 38% - 19:23
2 - 35% - 38% - 18:57
3 - 27% - 17% - 14:54
4 - 3% - 7% - 1:24
PP Forward
1 - 50% - 55% - 1:41
2 - 50% - 45% - 1:42
PP Defense
1 - 40% - 55% - 1:21
2 - 60% - 45% - 2:02
PK Forward
1 - 56% - 55% - 1:07
2 - 44% - 45% - 0:52
PK Defense
1 - 45% - 55% - 0:54
2 - 55% - 45% - 1:05
PK3 Forward
1 - 0% - 55%
2 - 0% - 45%
PK3 Defense
1 - 0% - 55%
2 - 0% - 45%
44 Forward
1 - 0% - 55%
2 - 0% - 45%
44 Defense
1 - 0% - 55%
2 - 0% - 45%
Last Minute Offensive  - 0:00
Last Minute Defensive  - 0:00
Total
Forward - 60:00
Defense - 60:00
Play-by-Play 1st period 0:01 of 1st period - Claude Giroux wins face-off versus Joseph Veleno in neutral zone. 0:34 of 1st period - Shot by Anthony Cirelli. 0:34 of 1st period - Stopped by Jeremy Swayman without a rebound. 0:35 of 1st period - David Krejci wins face-off versus Nicklas Backstrom in LOS ANGELES SEALS zone. 0:40 of 1st period - Callan Foote is hit by Blake Wheeler and loses puck. 0:47 of 1st period - Shot by Steven Stamkos. 0:47 of 1st period - Shot Misses the Net. 0:49 of 1st period - Shot by Noah Dobson. 0:49 of 1st period - Stopped by Frederik Andersen with a rebound. 1:01 of 1st period - Shot by Steven Stamkos. 1:01 of 1st period - Stopped by Frederik Andersen without a rebound. 1:02 of 1st period - Shane Pinto wins face-off versus Jordan Staal in SPOKANE KNIGHTS zone. 1:31 of 1st period - Shot by Shane Pinto. 1:31 of 1st period - Stopped by Jeremy Swayman without a rebound. 1:32 of 1st period - Jake Evans wins face-off versus Quinton Byfield in LOS ANGELES SEALS zone. 1:32 of 1st period - Jake Evans is hit by Kevin Rooney. 1:58 of 1st period - Noah Cates is hit by Kevin Rooney and loses puck. 2:18 of 1st period - Off-side. 2:19 of 1st period - David Krejci wins face-off versus Nicklas Backstrom in neutral zone. 3:58 of 1st period - Shot by Cole Sillinger. 3:58 of 1st period - Shot Misses the Net. 4:00 of 1st period - Shot by Callan Foote. 4:00 of 1st period - Shot Blocked by Claude Giroux. 4:02 of 1st period - Shot by Anthony Duclair. 4:02 of 1st period - Stopped by Jeremy Swayman with a rebound. 4:08 of 1st period - Shot by Shane Pinto. 4:08 of 1st period - Shot Misses the Net. 4:18 of 1st period - Chad Ruhwedel is hit by Nikita Kucherov and loses puck. 6:05 of 1st period - Shot by Anthony Cirelli. 6:05 of 1st period - Shot Misses the Net. 6:07 of 1st period - Shot by Anthony Cirelli. 6:07 of 1st period - Deflect By Corey Perry. 6:07 of 1st period - Stopped by Jeremy Swayman without a rebound. 6:08 of 1st period - Joseph Veleno wins face-off versus Owen Tippett in LOS ANGELES SEALS zone. 6:54 of 1st period - Shot by Noah Dobson. 6:54 of 1st period - Shot Misses the Net. 7:16 of 1st period - Shot by Blake Wheeler. 7:16 of 1st period - Shot Misses the Net. 7:18 of 1st period - Shot by Blake Wheeler. 7:18 of 1st period - Stopped by Frederik Andersen with a rebound. 7:24 of 1st period - Shot by Steven Stamkos. 7:24 of 1st period - Stopped by Frederik Andersen without a rebound. 7:25 of 1st period - Nicklas Backstrom wins face-off versus Jake Evans in SPOKANE KNIGHTS zone. 7:25 of 1st period - Nicklas Backstrom is hit by Noah Cates. 8:05 of 1st period - Shot by Logan O'Connor. 8:05 of 1st period - Stopped by Jeremy Swayman without a rebound. 8:06 of 1st period - David Krejci wins face-off versus Shane Pinto in LOS ANGELES SEALS zone. 8:25 of 1st period - Blake Wheeler is hit by David Jiricek and loses puck. 8:35 of 1st period - Off-side. 8:36 of 1st period - Quinton Byfield wins face-off versus Jordan Staal in neutral zone. 8:41 of 1st period - Shot by Quinton Byfield. 8:41 of 1st period - Deflect By Kevin Stenlund. 8:41 of 1st period - Goal by Kevin Stenlund - SPOKANE KNIGHTS : 1 - LOS ANGELES SEALS : 0. 8:42 of 1st period - Jordan Staal wins face-off versus Nicklas Backstrom in neutral zone. 8:59 of 1st period - Minor Penalty to Gustav Forsling for Holding. 9:00 of 1st period - Lias Andersson wins face-off versus Jordan Staal in LOS ANGELES SEALS zone. 9:54 of 1st period - Shot by Nicklas Backstrom. 9:54 of 1st period - Stopped by Jeremy Swayman without a rebound. 9:55 of 1st period - David Krejci wins face-off versus Nicklas Backstrom in LOS ANGELES SEALS zone. 10:24 of 1st period - Shot by Anthony Duclair. 10:24 of 1st period - Shot Misses the Net. 11:29 of 1st period - Shot by Quinton Byfield. 11:29 of 1st period - Stopped by Jeremy Swayman without a rebound. 11:30 of 1st period - Shane Pinto wins face-off versus David Krejci in LOS ANGELES SEALS zone. 12:17 of 1st period - Icing by Callan Foote. 12:18 of 1st period - Jordan Staal wins face-off versus Shane Pinto in SPOKANE KNIGHTS zone. 12:50 of 1st period - Brandon Carlo is hit by Anthony Duclair and loses puck. 13:41 of 1st period - Shot by Mason McTavish. 13:41 of 1st period - Stopped by Frederik Andersen without a rebound. 13:42 of 1st period - Nicklas Backstrom wins face-off versus David Krejci in SPOKANE KNIGHTS zone. 14:20 of 1st period - Shot by Logan O'Connor. 14:20 of 1st period - Shot Misses the Net. 14:38 of 1st period - Shot by Quinton Byfield. 14:38 of 1st period - Shot Misses the Net. 14:40 of 1st period - Shot by Kevin Rooney. 14:40 of 1st period - Shot Blocked by Brent Burns. 14:42 of 1st period - Shot by Evan Bouchard. 14:42 of 1st period - Stopped by Jeremy Swayman without a rebound. 14:43 of 1st period - Claude Giroux wins face-off versus Joseph Veleno in LOS ANGELES SEALS zone. 14:45 of 1st period - Icing by Nikita Kucherov. 14:46 of 1st period - Joseph Veleno wins face-off versus Mason McTavish in LOS ANGELES SEALS zone. 15:05 of 1st period - Shot by Nikita Kucherov. 15:05 of 1st period - Stopped by Frederik Andersen with a rebound. 15:53 of 1st period - Logan O'Connor is hit by Matthew Boldy and loses puck. 16:18 of 1st period - Shot by Nicklas Backstrom. 16:18 of 1st period - Stopped by Jeremy Swayman without a rebound. 16:19 of 1st period - David Krejci wins face-off versus Quinton Byfield in LOS ANGELES SEALS zone. 17:22 of 1st period - Shot by Mason McTavish. 17:22 of 1st period - Stopped by Frederik Andersen without a rebound. 17:23 of 1st period - Jordan Staal wins face-off versus Nicklas Backstrom in SPOKANE KNIGHTS zone. 17:50 of 1st period - Shot by Owen Tippett. 17:50 of 1st period - Shot Blocked by Callan Foote. 17:52 of 1st period - Shot by Noah Dobson. 17:52 of 1st period - Shot Misses the Net. 18:04 of 1st period - Shot by Matthew Boldy. 18:04 of 1st period - Stopped by Frederik Andersen with a rebound. 18:34 of 1st period - Shot by Nikita Kucherov. 18:34 of 1st period - Stopped by Frederik Andersen with a rebound. 19:07 of 1st period - Icing by Nicklas Backstrom. 19:08 of 1st period - Nicklas Backstrom wins face-off versus David Krejci in SPOKANE KNIGHTS zone. 19:16 of 1st period - Steven Stamkos is hit by Logan O'Connor. Goals for this period are 1 for SPOKANE KNIGHTS vs 0 for LOS ANGELES SEALS. Shots for this period are 10 for SPOKANE KNIGHTS vs 9 for LOS ANGELES SEALS. 2nd period 0:01 of 2nd period - Joseph Veleno wins face-off versus Jake Evans in neutral zone. 0:12 of 2nd period - Shot by Corey Perry. 0:12 of 2nd period - Goal by Corey Perry - SPOKANE KNIGHTS : 2 - LOS ANGELES SEALS : 0. 0:13 of 2nd period - Claude Giroux wins face-off versus Quinton Byfield in neutral zone. 0:30 of 2nd period - Shot by Mason McTavish. 0:30 of 2nd period - Shot Blocked by Evan Bouchard. 0:32 of 2nd period - Shot by Mason McTavish. 0:32 of 2nd period - Stopped by Frederik Andersen without a rebound. 0:33 of 2nd period - Corey Perry wins face-off versus Jake Evans in SPOKANE KNIGHTS zone. 1:01 of 2nd period - Shot by Zach Parise. 1:01 of 2nd period - Shot Blocked by Corey Perry. 1:03 of 2nd period - Shot by Zach Parise. 1:03 of 2nd period - Stopped by Frederik Andersen without a rebound. 1:04 of 2nd period - Claude Giroux wins face-off versus Quinton Byfield in SPOKANE KNIGHTS zone. 1:12 of 2nd period - Mason McTavish is hit by Evan Bouchard and loses puck. 1:15 of 2nd period - Shot by Drew Doughty. 1:15 of 2nd period - Stopped by Frederik Andersen without a rebound. 1:16 of 2nd period - Shane Pinto wins face-off versus David Krejci in SPOKANE KNIGHTS zone. 1:35 of 2nd period - Shot by Cole Sillinger. 1:35 of 2nd period - Shot Misses the Net. 1:37 of 2nd period - Shot by Cole Sillinger. 1:37 of 2nd period - Stopped by Jeremy Swayman without a rebound. 1:38 of 2nd period - Claude Giroux wins face-off versus Joseph Veleno in LOS ANGELES SEALS zone. 1:47 of 2nd period - Shot by Mason McTavish. 1:47 of 2nd period - Shot Misses the Net. 2:27 of 2nd period - Shot by Claude Giroux. 2:27 of 2nd period - Stopped by Frederik Andersen without a rebound. 2:28 of 2nd period - Jordan Staal wins face-off versus Nicklas Backstrom in SPOKANE KNIGHTS zone. 2:34 of 2nd period - Owen Tippett is hit by Evan Bouchard and loses puck. 2:43 of 2nd period - Shot by Owen Tippett. 2:43 of 2nd period - Shot Misses the Net. 2:58 of 2nd period - Shot by Logan O'Connor. 2:58 of 2nd period - Shot Misses the Net. 3:10 of 2nd period - Shot by Drew Doughty. 3:10 of 2nd period - Shot Misses the Net. 3:52 of 2nd period - Shot by David Krejci. 3:52 of 2nd period - Shot Misses the Net. 4:05 of 2nd period - David Krejci is hit by David Jiricek and loses puck. 4:30 of 2nd period - Shot by Mason McTavish. 4:30 of 2nd period - Stopped by Frederik Andersen with a rebound. 4:39 of 2nd period - Icing by Chad Ruhwedel. 4:40 of 2nd period - Jake Evans wins face-off versus Joseph Veleno in SPOKANE KNIGHTS zone. 5:03 of 2nd period - Icing by Anthony Cirelli. 5:04 of 2nd period - Joseph Veleno wins face-off versus Claude Giroux in SPOKANE KNIGHTS zone. 5:04 of 2nd period - Joseph Veleno is hit by Claude Giroux. 5:16 of 2nd period - Gustav Forsling is hit by Corey Perry and loses puck. 6:06 of 2nd period - Minor Penalty to Cole Sillinger for Hooking. 6:07 of 2nd period - Anthony Cirelli wins face-off versus Blake Wheeler in SPOKANE KNIGHTS zone. 6:11 of 2nd period - Off-side. 6:12 of 2nd period - Anthony Cirelli wins face-off versus Blake Wheeler in neutral zone. 6:36 of 2nd period - Shot by Matthew Boldy. 6:36 of 2nd period - Goal by Matthew Boldy - SPOKANE KNIGHTS : 2 - LOS ANGELES SEALS : 1. 6:37 of 2nd period - Jake Evans wins face-off versus Quinton Byfield in neutral zone. 6:46 of 2nd period - Shot by Zach Parise. 6:46 of 2nd period - Deflect By Noah Cates. 6:46 of 2nd period - Stopped by Frederik Andersen without a rebound. 6:47 of 2nd period - David Krejci wins face-off versus Nicklas Backstrom in SPOKANE KNIGHTS zone. 6:48 of 2nd period - Shot by Blake Wheeler. 6:48 of 2nd period - Shot Misses the Net. 6:50 of 2nd period - Shot by David Krejci. 6:50 of 2nd period - Shot Blocked by Evan Bouchard. 6:52 of 2nd period - Shot by Steven Stamkos. 6:52 of 2nd period - Shot Misses the Net. 6:56 of 2nd period - Shot by Steven Stamkos. 6:56 of 2nd period - Stopped by Frederik Andersen without a rebound. 6:57 of 2nd period - David Krejci wins face-off versus Quinton Byfield in SPOKANE KNIGHTS zone. 6:57 of 2nd period - David Krejci is hit by Callan Foote. 7:36 of 2nd period - Steven Stamkos is hit by Callan Foote and loses puck. 7:40 of 2nd period - Blake Wheeler is hit by Callan Foote and loses puck. 7:45 of 2nd period - Shot by Blake Wheeler. 7:45 of 2nd period - Shot Misses the Net. 8:08 of 2nd period - Kevin Stenlund is hit by Jordan Staal and loses puck. 8:15 of 2nd period - Shot by Owen Tippett. 8:15 of 2nd period - Shot Misses the Net. 8:17 of 2nd period - Shot by Owen Tippett. 8:17 of 2nd period - Shot Misses the Net. 8:28 of 2nd period - Shot by Noah Dobson. 8:28 of 2nd period - Shot Misses the Net. 8:30 of 2nd period - Shot by Jordan Staal. 8:30 of 2nd period - Goal by Jordan Staal - SPOKANE KNIGHTS : 2 - LOS ANGELES SEALS : 2. 8:31 of 2nd period - Joseph Veleno wins face-off versus Claude Giroux in neutral zone. 9:18 of 2nd period - Icing by Brandon Carlo. 9:19 of 2nd period - Nicklas Backstrom wins face-off versus Claude Giroux in LOS ANGELES SEALS zone. 9:27 of 2nd period - Nikita Kucherov is hit by Nicklas Backstrom and loses puck. 9:54 of 2nd period - Shot by David Krejci. 9:54 of 2nd period - Shot Blocked by Nicklas Backstrom. 10:00 of 2nd period - Shot by Blake Wheeler. 10:00 of 2nd period - Shot Misses the Net. 10:02 of 2nd period - Shot by Steven Stamkos. 10:02 of 2nd period - Deflect By David Krejci. 10:02 of 2nd period - Shot Misses the Net. 10:12 of 2nd period - Shot by Blake Wheeler. 10:12 of 2nd period - Shot Blocked by Logan O'Connor. 10:21 of 2nd period - David Krejci is hit by Jacob Larsson and loses puck. 11:01 of 2nd period - Shot by Anthony Duclair. 11:01 of 2nd period - Stopped by Jeremy Swayman with a rebound. 11:11 of 2nd period - Shot by Shane Pinto. 11:11 of 2nd period - Stopped by Jeremy Swayman with a rebound. 11:13 of 2nd period - Shot by Anthony Duclair. 11:13 of 2nd period - Stopped by Jeremy Swayman without a rebound. 1